 Dungeon Crawl Stone Soup version 0.30-a0-1112-gfb780f5df6 (webtiles) character file.

Game seed: 10004523294302485695

49781 demibob the Bludgeoner (level 14, -4/216 HPs)
             Began as a Troll Berserker on Apr 20, 2023.
             Was a High Priest of Trog.
             Slain by a seven-headed hydra (14 damage)
             ... on level 5 of the Lair of Beasts.
             The game lasted 00:26:07 (13198 turns).

demibob the Bludgeoner (Troll Berserker)           Turns: 13198, Time: 00:26:08

Health: -4/216     AC:  9    Str: 28    XL:     14   Next: 17%
Magic:  13/13      EV: 12    Int:  5    God:    Trog [*****.]
Gold:   1284       SH:  0    Dex: 11    Spells: 13/13 levels left

rFire   + . .      SeeInvis .    a - +2 great mace (drain)
rCold   + + .      Faith    +    (shield currently unavailable)
rNeg    . . .      Spirit   .    k - +0 steam dragon scales
rPois   .          Reflect  .    b - +2 hat
rElec   .          Rampage  .    i - scarf {rC+ rF+}
rCorr   .                        (gloves unavailable)
Will    +....                    (boots unavailable) Stlth
                                 z - amulet of faith {!P}
HPRegen 1.36/turn                E - +5 ring of evasion
MPRegen 0.13/turn                C - ring of protection from cold

@: berserking, constricted, very quick
A: large, unfitting armour, claws 3, regeneration 1, shaggy fur 1, tough skin 1
a: Renounce Religion, Berserk, Trog's Hand, Brothers in Arms


You were on level 5 of the Lair of Beasts.
You worshipped Trog.
Trog was extremely pleased with you.
You visited 2 branches of the dungeon, and saw 15 of its levels.
You also visited: Ice Cave.

You collected 1427 gold pieces.
You spent 143 gold pieces at shops.


Innate Abilities, Weirdness & Mutations

You are too large for most types of armour.
You have claws for hands.
Your natural rate of healing is unusually fast.
You are covered in fur. (AC +1)
You have tough skin. (AC +1)


   Skills:
 + Level 10.3 Fighting
 - Level 20.0 Maces & Flails
 - Level 2.4 Dodging


You had 13 spell levels left.
You didn't know any spells.
Your spell library was empty.

Inventory:

Hand Weapons
 a - a +2 great mace of draining (weapon)
 q - a +5 flail of protection
 H - a +4 heavy giant spiked club
Armour
 b - a +2 hat (worn)
 i - a scarf of resistance (worn)
 k - +0 steam dragon scales (worn)
Jewellery
 f - a ring of fire
 z - an amulet of faith (around neck) {!P}
 C - a ring of protection from cold (right claw)
 E - a +5 ring of evasion (left claw)
 F - a ring of fire
 J - an amulet of reflection
 S - a +6 ring of strength
Wands
 g - a wand of flame (91)
 l - a wand of digging (4)
 s - a wand of paralysis (10)
 t - a wand of polymorph (11)
 D - a wand of mindburst (7)
Scrolls
 n - 12 scrolls of identify {@r1}
 r - 5 scrolls of teleportation {@r2}
 u - 3 scrolls of enchant weapon
 y - 3 scrolls of fear
 G - a scroll of fog
 I - a scroll of poison
Potions
 c - a potion of attraction
 e - 4 potions of flight
 h - a potion of berserk rage {!q}
 j - a potion of ambrosia
 m - 4 potions of haste {@q3}
 o - a potion of resistance
 p - a potion of invisibility
 w - 6 potions of curing {@q1}
 x - 3 potions of might
 A - a potion of magic
 B - 2 potions of lignification
Miscellaneous
 d - a piece from Xom's chessboard (15/15)

Dungeon Overview and Level Annotations

Branches:
Dungeon (10/15)            Temple (0/1) D:5            Lair (5/5) D:10
 Shoals (0/4) Lair:3        Snake (0/4) Lair:2        Slime (0/5) Lair:4
    Orc (0/2) D:10          IceCv (visited)

Altars:
Ashenzari
Cheibriados
Kikubaaqudgha
Uskayaw
Vehumet
Xom
Jiyva

Shops:
D:3

! ##
#.#.....▒▒▒▒..▒▒▒▒▒.▒.▒▒.▒▒▒.. #
#.......▒..▒.▒....▒..▒........
####.......▒▒.▒..▒▒.▒▒...▒▒▒.▒▒..
#...#.#............▒▒▒▒▒.........
...........▒▒▒▒▒▒▒.▒.▒.▒.▒▒▒+▒▒▒.
...........▒P...P▒.▒..▒▒.▒ ▒.
...........▒.▒▒▒.▒.▒...▒.▒ ▒.
..)..P.....▒.+!▒D'..▒.▒..▒ ▒.
##.........▒.▒▒▒@▒.▒▒.?▒.▒ ▒.
##.........▒P..SP▒.▒▒.▒..▒ ▒.
...........▒▒▒▒▒▒▒..▒.▒▒†▒▒▒▒▒▒▒.
#........................†.......
##......##...#§.P................
##.P....##P†....###.P....#.......
##.#...####......#...#.........:.
.###....####....#.#...##.#.P....#
.......P..P......#.<.#.##.#.P..##


You could see a seven-headed hydra and an anaconda (drained).


Message History

The anaconda misses you. The anaconda constricts you.
* * * LOW HITPOINT WARNING * * *
Unknown command.
You barely miss the anaconda.
The anaconda is moderately wounded.
The seven-headed hydra bites you but does no damage.
The seven-headed hydra closely misses you.
The seven-headed hydra bites you.
* * * LOW HITPOINT WARNING * * *
The seven-headed hydra bites you but does no damage.
The seven-headed hydra misses you.
The seven-headed hydra bites you but does no damage.
The seven-headed hydra bites you!
* * * LOW HITPOINT WARNING * * *
The anaconda bites you but does no damage.
The anaconda constricts you.
* * * LOW HITPOINT WARNING * * *
You closely miss the anaconda.
The anaconda is moderately wounded.
The anaconda bites you!
* * * LOW HITPOINT WARNING * * *
The anaconda constricts you.
* * * LOW HITPOINT WARNING * * *
Unknown command.
You are too berserk!
You bludgeon the anaconda!! You drain the anaconda!
The anaconda is almost dead.
The seven-headed hydra closely misses you.
The seven-headed hydra bites you!
You die...

Skill      XL: |  1  2  3  4  5  6  7  8  9 10 11 12 13 14 |
---------------+-------------------------------------------+-----
Maces & Flails | 3 4 5 6 7 9 11 12 13 15 17 20 | 20.0
Fighting       | 5 7 9 10 | 10.3
Dodging        | |  2.4

Action                     |  1- 3 |  4- 6 |  7- 9 | 10-12 | 13-15 || total
---------------------------+-------+-------+-------+-------+-------++-------
  Melee: Mace              |   134 |   160 |   318 |       |       ||   612
         Punch             |     1 |     1 |     2 |     5 |       ||     9
         Flail             |       |       |    32 |   595 |       ||   627
         Great mace        |       |       |       |   145 |   316 ||   461
 Invoke: Berserk           |     1 |     3 |     3 |    14 |     6 ||    27
         Trog's Hand       |       |     1 |       |     1 |     1 ||     3
  Evoke: Wand              |       |     5 |     3 |     9 |     4 ||    21
    Use: Scroll            |     2 |     7 |    10 |     8 |     1 ||    28
         Potion            |       |     1 |       |     3 |     2 ||     6
   Stab: Sleeping          |       |     2 |       |       |       ||     2
         Invisible         |       |       |       |     3 |     4 ||     7
         Distracted        |       |       |       |     1 |       ||     1
 Armour: Animal skin       |    58 |    47 |    72 |    19 |       ||   196
         Steam dragon scal |       |       |       |   214 |    82 ||   296
  Dodge: Dodged            |    83 |   106 |   245 |   528 |   182 ||  1144

Levels and vault maps discovered:
D:1:      dpeg_arrival_rooms_c, layout_rooms
D:2:      layout_rooms
D:3:      layout_loops_ring, serial_shops, nicolae_shop_peninsula
D:4:      layout_rooms, nicolae_overflow_crystal_walls,
          gammafunk_ghost_nasty_kobolds
D:5:      layout_rooms, temple_doors_cd, dreamdust_mushroom_princess,
          st_stairs_12
D:6:      layout_basic, general_overflow_altar
D:7:      layout_rooms, minmay_misc_feat_room
D:8:      layout_cave_pools, uniq_joseph, uniq_pikel, uniq_erica, uniq_grum
D:9:      kennysheep_steamy, layout_rooms, mainiacjoe_overflow_six_doors_small,
          mainiacjoe_overflow_small_starburst, ashenzari_conservatory_becter
D:10:     layout_irregular_city, lair_entry_dummy, orc_0_dummy, uniq_psyche,
          uniq_erolcha
Lair:1:   layout_cave_pods, beast_lair_carwin_6, lemuel_fruit_tree,
          infiniplex_staircase_pool
Lair:2:   layout_big_grid, minmay_snake_entry_guardpost_medium, basic_altar,
          st_stairs_10, chequers_serial_rivers_micro_a
Lair:3:   layout_chaotic_city, elwin_shoals_entry_rocks,
          portal_ice_cave_demonic_guard
Lair:4:   layout_gridlike, slime_entry_1, patterned_corridor,
          lemuel_fruit_fields, serial_bayou_shore_b, grunt_megastairs_2
Lair:5:   evilmike_catoblepas_cave, layout_loops_ring,
          chequers_serial_rivers_micro_c, pdpol_lair_neglected_garden,
          minmay_shattered_shrine

Notes
Turn   | Place    | Note
-------+----------+-------------------------------------------
     0 | D:1      | demibob the Troll Berserker began the quest for the Orb.
     0 | D:1      | Reached XP level 1. HP: 22/22 MP: 0/0
    37 | D:1      | Reached skill level 3 in Maces & Flails
    43 | D:1      | Reached XP level 2. HP: 22/29 MP: 1/1
   196 | D:1      | Reached XP level 3. HP: 34/36 MP: 2/2
   420 | D:1      | Reached skill level 4 in Maces & Flails
   647 | D:2      | Reached ** piety under Trog
   888 | D:2      | Reached XP level 4. HP: 44/44 MP: 3/3
  1327 | D:3      | Reached skill level 5 in Maces & Flails
  1649 | D:3      | Found Ahofush's Distillery.
  1656 | D:3      | Bought a potion of curing for 33 gold pieces
  1656 | D:3      | Bought a potion of resistance for 110 gold pieces
  1699 | D:4      | Noticed a black bear
  1704 | D:4      | Killed a black bear
  1705 | D:4      | Reached XP level 5. HP: 50/50 MP: 4/4
  1729 | D:4      | Found a runed translucent gate.
  1729 | D:4      | Found a runed translucent gate.
  1729 | D:4      | Found a runed translucent gate.
  1729 | D:4      | Noticed oldplebian's ghost (amateur HuCA)
  1773 | D:4      | Reached skill level 6 in Maces & Flails
  1827 | D:4      | Found an ancient bone altar of Kikubaaqudgha.
  1841 | D:4      | Reached XP level 6. HP: 51/59 MP: 5/5
  1953 | D:4      | Reached *** piety under Trog
  2306 | D:4      | Killed oldplebian's ghost
  2307 | D:4      | Reached skill level 7 in Maces & Flails
  2307 | D:4      | Reached XP level 7. HP: 66/66 MP: 6/6
  2421 | D:5      | Entered Level 5 of the Dungeon
  2467 | D:5      | Found a staircase to the Ecumenical Temple.
  2647 | D:5      | Reached skill level 8 in Maces & Flails
  3040 | D:6      | Found a shimmering altar of Xom.
  3130 | D:6      | Reached skill level 9 in Maces & Flails
  3130 | D:6      | Reached XP level 8. HP: 73/74 MP: 7/7
  3169 | D:6      | Identified a scarf of resistance
  3602 | D:6      | Reached skill level 10 in Maces & Flails
  3714 | D:6      | Noticed a two-headed ogre
  3728 | D:6      | Killed a two-headed ogre
  3729 | D:6      | Reached skill level 11 in Maces & Flails
  3729 | D:6      | Reached XP level 9. HP: 55/80 MP: 8/8
  3924 | D:7      | Reached skill level 3 in Fighting
  3967 | D:7      | Reached **** piety under Trog
  4190 | D:7      | Reached skill level 4 in Fighting
  4257 | D:7      | Reached skill level 12 in Maces & Flails
  4410 | D:7      | Reached skill level 5 in Fighting
  4422 | D:7      | Reached XP level 10. HP: 96/96 MP: 9/9
  4615 | D:8      | Noticed Grum
  4667 | D:8      | Killed Grum
  4683 | D:8      | Noticed a two-headed ogre
  4687 | D:8      | Noticed Joseph
  4715 | D:7      | Killed Joseph
  4716 | D:7      | Reached skill level 6 in Fighting
  4772 | D:8      | Killed a two-headed ogre
  4830 | D:8      | Reached skill level 13 in Maces & Flails
  4834 | D:8      | Noticed a two-headed ogre
  4846 | D:8      | Reached skill level 7 in Fighting
  4853 | D:8      | Killed a two-headed ogre
  4959 | D:8      | Noticed Pikel
  4979 | D:8      | Killed Pikel
  5054 | D:8      | Noticed Erica
  5054 | D:8      | Paralysed by Erica for 5 turns
  5080 | D:8      | Killed Erica
  5081 | D:8      | Reached XP level 11. HP: 83/111 MP: 10/10
  5449 | D:9      | Reached skill level 8 in Fighting
  5469 | D:9      | Reached skill level 14 in Maces & Flails
  5499 | D:9      | Found a broken altar of Ashenzari.
  5711 | D:9      | Noticed a two-headed ogre
  5721 | D:9      | Killed a two-headed ogre
  5979 | D:9      | Found a radiant altar of Vehumet.
  6065 | D:9      | Found a hide-covered altar of Uskayaw.
  6180 | D:10     | Entered Level 10 of the Dungeon
  6209 | D:10     | Reached skill level 9 in Fighting
  6273 | D:10     | Noticed a two-headed ogre
  6284 | D:10     | Killed a two-headed ogre
  6301 | D:10     | Identified the +7 hand axe of Pride {freeze, rElec Will+++
                  | Int-4}
  6331 | D:10     | Found a staircase to the Orcish Mines.
  6408 | D:10     | Found a staircase to the Lair.
  6544 | D:10     | Noticed Erolcha
  6561 | D:10     | Killed Erolcha
  6617 | D:10     | Noticed Psyche
  6628 | D:10     | Killed Psyche
  6786 | Lair:1   | Entered Level 1 of the Lair of Beasts
  7120 | Lair:1   | Reached skill level 15 in Maces & Flails
  7818 | Lair:2   | Reached XP level 12. HP: 124/124 MP: 11/11
  7899 | Lair:2   | Reached ***** piety under Trog
  8044 | Lair:2   | Found a snail-covered altar of Cheibriados.
  8251 | Lair:2   | Found a staircase to the Snake Pit.
  8312 | Lair:2   | Reached skill level 16 in Maces & Flails
  8610 | Lair:3   | Found a frozen archway.
  8652 | IceCv    | Entered an ice cave
  9097 | IceCv    | Received a gift from Trog
  9315 | IceCv    | Reached skill level 17 in Maces & Flails
  9703 | Lair:3   | Noticed a death yak
  9704 | Lair:3   | Noticed a death yak
  9712 | Lair:3   | Killed a death yak
  9716 | Lair:3   | Killed a death yak
  9740 | Lair:3   | Found a staircase to the Shoals.
 10449 | Lair:4   | Noticed an eight-headed hydra
 10455 | Lair:4   | Killed an eight-headed hydra
 10537 | Lair:4   | Found a staircase to the Slime Pits.
 10537 | Lair:4   | Found a viscous altar of Jiyva.
 10563 | Lair:4   | Reached XP level 13. HP: 131/131 MP: 12/12
 10615 | Lair:4   | Reached skill level 18 in Maces & Flails
 11441 | Lair:5   | Entered Level 5 of the Lair of Beasts
 11975 | Lair:5   | Reached skill level 19 in Maces & Flails
 12167 | Lair:5   | Received a gift from Trog
 12552 | Lair:5   | Reached skill level 20 in Maces & Flails
 12552 | Lair:5   | Reached XP level 14. HP: 140/140 MP: 13/13
 12867 | Lair:5   | Reached skill level 10 in Fighting
 13059 | Lair:5   | Identified the +7 sling of Quick Death {antimagic, rPois
                  | rN+ Int-4 SInv}
 13197 | Lair:5   | HP: 11/216 [anaconda (13)]
 13198 | Lair:5   | Slain by a seven-headed hydra

Vanquished Creatures
  Erolcha (D:10)
  5 catoblepae (Lair:5)
  Erica (D:8)
  4 hydras
  5 two-headed ogres
  9 death yaks
  2 skysharks
  2 bog bodies (IceCv)
  Pikel (D:8)
  12 elephants
  A manticore (Lair:5)
  5 black mambas
  Joseph (D:7)
  An ice statue (IceCv)
  2 torpor snails
  4 kobold demonologists (D:9)
  12 cane toads
  Psyche (D:10)
  A rime drake (Lair:3)
  2 ice devils (Lair:3)
  7 komodo dragons
  3 polar bears
  The ghost of oldplebian the Chopper, an amateur HuCA of Ignis (D:4)
  A blink frog (Lair:5)
  2 dream sheep (Lair:5)
  4 wyverns
  44 yaks
  A dire elephant simulacrum (IceCv)
  3 steam dragons
  4 vampire mosquitoes (D:7)
  Grum (D:8)
  2 death yak simulacra (IceCv)
  A harpy simulacrum (IceCv)
  5 nagas (Lair:2)
  An acid dragon (D:9)
  12 water moccasins
  A hydra simulacrum (IceCv)
  2 ice beasts (D:6)
  2 orc warriors
  2 sky beasts
  7 black bears
  3 ogres
  5 centaurs
  10 wolves
  A phantom (D:7)
  A lemure (D:8)
  3 kobold brigands
  11 bullfrogs
  A gnoll sergeant (D:7)
  8 two-headed ogre simulacra (IceCv)
  5 cane toad simulacra (IceCv)
  4 scorpions
  8 wights
  An elephant simulacrum (IceCv)
  5 killer bees (D:9)
  3 howler monkeys
  A jelly (D:6)
  5 hounds
  2 orc priests
  2 sleepcaps
  3 iguanas
  4 orc wizards
  3 spriggan simulacra (IceCv)
  A polar bear simulacrum (IceCv)
  10 troll simulacra (IceCv)
  A wolf simulacrum (IceCv)
  8 gnolls
  4 adders
  8 naga simulacra (IceCv)
  8 white imps
  4 ufetubi
  2 worms
  7 dart slugs
  15 orcs
  3 bats
  4 endoplasms
  5 giant cockroaches
  11 goblins
  9 hobgoblins
  9 jackals
  4 quokkas
  4 ball pythons
  2 frilled lizards
  17 kobolds
  4 rats
  A butterfly (Lair:4)
408 creatures vanquished.

Vanquished Creatures (others)
  2 bushes (Lair:5)
  22 fungi
  43 plants (Lair:5)
67 creatures vanquished.

Grand Total: 475 creatures vanquished

Table legend: (Time is in decaauts)
 A = Elapsed time spent in this place.
 B = Non-inter-level travel time spent in this place.
 C = Inter-level travel time spent in this place.
 D = Time resting spent in this place.
 E = Time spent auto-exploring this place.
 F = Levels seen in this place.
 G = Mean time per level.
                   A        B        C        D        E       F      G
               +--------+--------+--------+--------+--------+-----+--------+
         Total |  13130 |  12697 |    433 |    855 |   9142 |  16 |  820.6 |
       Dungeon |   6825 |   6619 |    206 |    250 |   4769 |  10 |  682.5 |
          Lair |   5366 |   5139 |    227 |    552 |   3765 |   5 | 1073.2 |
      Ice Cave |    938 |    938 |      0 |     52 |    608 |   1 |  938.0 |
               +--------+--------+--------+--------+--------+-----+--------+

Top non-repeatable levels by time:
  Lair:5: 1663 daAuts
  Lair:4: 1049 daAuts
  Lair:1: 1007 daAuts
   IceCv: 938 daAuts
  Lair:3: 899 daAuts
     D:6: 896 daAuts
     D:7: 843 daAuts
     D:4: 754 daAuts
     D:9: 754 daAuts
  Lair:2: 746 daAuts
     D:3: 720 daAuts
     D:8: 685 daAuts
    D:10: 608 daAuts
     D:1: 576 daAuts
     D:5: 539 daAuts

Table legend:
 A = Non-vault XP
 B = Vault XP
 C = Vault XP percentage of total XP
 D = Non-vault monster count
 E = Vault monster count
 F = Vault count percentage of total count
                 A         B        C        D         E       F
            +---------+---------+-------+---------+---------+-------
      Total |   43701 |   27415 |  38.5 |     278 |     128 |  31.5
            +---------+---------+-------+---------+---------+-------
        D:1 |      63 |       0 |   0.0 |      24 |       0 |   0.0
        D:2 |      37 |       0 |   0.0 |      19 |       0 |   0.0
        D:3 |      78 |       0 |   0.0 |      20 |       0 |   0.0
        D:4 |     302 |     392 |  56.5 |      15 |       9 |  37.5
        D:5 |     194 |     117 |  37.6 |       7 |       2 |  22.2
        D:6 |    1767 |       0 |   0.0 |      20 |       0 |   0.0
        D:7 |    2659 |     911 |  25.5 |      28 |       5 |  15.2
        D:8 |    3700 |    1667 |  31.1 |      22 |       3 |  12.0
        D:9 |    4628 |     373 |   7.5 |      30 |       2 |   6.2
       D:10 |    1041 |    1223 |  54.0 |       7 |       2 |  22.2
     Lair:1 |    1491 |    1098 |  42.4 |       6 |       8 |  57.1
     Lair:2 |    3972 |    1566 |  28.3 |      22 |       7 |  24.1
     Lair:3 |    2942 |     697 |  19.2 |       7 |       2 |  22.2
     Lair:4 |    6675 |    2746 |  29.1 |      15 |       5 |  25.0
     Lair:5 |   14152 |   12293 |  46.5 |      36 |      30 |  45.5
      IceCv |       0 |    4332 | 100.0 |       0 |      53 | 100.0
            +---------+---------+-------+---------+---------+-------
